 Dungeon Sprint DCSS version 0.30-a0-691-g754fce4c43 (webtiles) character file.

Game seed: 12485305653300311427

6848 rocky1 the Thaumaturge (level 11, 0/135 HPs)
             Began as a Gnoll Earth Elementalist on Jan 20, 2023.
             Was a High Priest of Cheibriados.
             Killed from afar by a nagaraja (40 damage)
             ... with a bolt of poison
             ... in the Dungeon (Sprint VII: "The Pits").
             The game lasted 00:05:45 (1375 turns).

rocky1 the Thaumaturge (Gnoll Earth Elementalist)   Turns: 1375, Time: 00:05:46

Health: 0/135      AC: 13    Str: 18    XL:     11   Next: 6%
Magic:  0/26       EV: 16    Int: 31    God:    Cheibriados [*****.]
Gold:   0          SH:  0    Dex: 23    Spells: 24/32 levels left

rFire   . . .      SeeInvis .    s - +2 scimitar (flame)
rCold   . . .      Faith    .    (no shield)
rNeg    . . .      Spirit   .    m - +3 ring mail
rPois   .          Reflect  .    q - +0 helmet
rElec   .          Harm     .    (no cloak)
rCorr   .          Rampage  .    p - +0 pair of gloves
Will    .....      NoTele   +    (no boots) Stlth
                                 (no amulet)
HPRegen 0.42/turn                (no ring)
MPRegen 0.20/turn                (no ring)

@: berserking, lethally poisoned (0 -> -20), constricted, very slow
A: fangs 1, strong nose, distributed training
a: Renounce Religion, Bend Time, Temporal Distortion, Slouch, Step From Time


You were in the Dungeon.
You worshipped Cheibriados.
Cheibriados was extremely pleased with you.
You visited 1 branch

Inventory:

Hand Weapons
 n - a +2 long sword of holy wrath
 s - a +2 scimitar of flaming (weapon)
 t - a +2 rapier of venom
Armour
 m - a +3 ring mail (worn)
 p - a +0 pair of gloves (worn)
 q - a +0 helmet (worn)
 r - a +4 scale mail
Jewellery
 e - a +3 ring of evasion
 k - a +3 ring of protection
Wands
 a - a wand of flame (17)
Scrolls
 g - a scroll of blinking
 i - 5 scrolls of amnesia
 j - a scroll of butterflies
Potions
 b - 3 potions of magic
 c - 5 potions of curing
 d - 12 potions of heal wounds
 f - 3 potions of berserk rage
 h - 2 potions of invisibility
 l - a potion of mutation
 o - 2 potions of brilliance


   Skills:
 + Level 10.1 Fighting
 + Level 10.1 Short Blades
 + Level 10.1 Long Blades
 + Level 10.1 Axes
 + Level 10.1 Maces & Flails
 + Level 10.1 Polearms
 + Level 10.1 Staves
 + Level 10.1 Ranged Weapons
 + Level 10.1 Throwing
 + Level 10.1 Armour
 + Level 11.1 Dodging
 + Level 10.9 Stealth
 + Level 10.1 Shields
 + Level 10.1 Unarmed Combat
 + Level 11.2 Spellcasting
 + Level 8.4 Conjurations
 + Level 8.4 Hexes
 + Level 8.4 Summonings
 + Level 8.4 Necromancy
 + Level 8.4 Translocations
 + Level 8.7 Transmutations
 + Level 8.4 Fire Magic
 + Level 8.4 Ice Magic
 + Level 8.4 Air Magic
 + Level 10.1 Earth Magic
 + Level 8.4 Poison Magic
 + Level 11.0 Invocations
 + Level 10.1 Evocations


You had 24 spell levels left.
You knew the following spells:

 Your Spells              Type           Power      Damage    Failure   Level
a - Sandblast             Erth           100%       2d20      1%          1
b - Stone Arrow           Conj/Erth      100%       3d13      1%          3
c - Petrify               Tmut/Erth      66%        N/A       1%          4

Your spell library contained the following spells:

 Spells                   Type           Power      Damage    Failure   Level
 Passwall                 Tmut/Erth      55%        N/A       1%          2


Dungeon Overview and Level Annotations

Branches:
Dungeon (1/1)

Altars:
Ashenzari
Cheibriados
Dithmenos
Elyvilon
Fedhas
Gozag
Hepliaklqana
Kikubaaqudgha
Makhleb
Nemelex Xobeh
Okawaru
Qazlal
Ru
Sif Muna
Trog
Uskayaw
Vehumet
Wu Jian
Xom
Yredelemnul
Zin
The Shining One
Jiyva
Lugonu


Innate Abilities, Weirdness & Mutations

You have very sharp teeth.
Your uncanny sense of smell can sniff out nearby items.
Your experience applies equally to all skills.


Message History

The nagaraja barely misses you. The nagaraja misses you.
Your Invocations skill increases to level 11!
Unknown command.
Unknown command.
You hit the nagaraja but do no damage.
The nagaraja is heavily wounded.
The nagaraja barely misses you. The nagaraja grabs you.
The nagaraja constricts you.
You hit the nagaraja but do no damage.
The nagaraja is heavily wounded.
The nagaraja spits poison at you. The splash of poison misses you.
The nagaraja constricts you.
Activating: Slouch (1% risk of failure)
Press: ? - help, Dir - look around, f - activate You can feel time thicken for a moment.
Cheibriados lowers the support of your attributes as your movement quickens.
The nagaraja gestures wildly while chanting.
The nagaraja seems to speed up.
The nagaraja constricts you.
Activating: Slouch (1% risk of failure)
Press: ? - help, Dir - look around, f - activate You can feel time thicken for a moment.
Cheibriados lowers the support of your attributes as your movement quickens.
The nagaraja hits you with a +0 whip!!
* * * LOW HITPOINT WARNING * * *
The nagaraja constricts you.
* * * LOW HITPOINT WARNING * * *
The nagaraja gestures at you while chanting.
The bolt of poison misses you. The nagaraja constricts you.
* * * LOW HITPOINT WARNING * * *
Unknown command.
You feel much better. The nagaraja closely misses you.
The nagaraja constricts you.
A red film seems to cover your vision as you go berserk!
Cheibriados forces you to slow down.
You feel mighty!
You are no longer firmly anchored in space.
The nagaraja casts a spell at you. The bolt of poison hits you!!!
You are poisoned.
You die...

..................#
........†.........#
++##############.†#
∆∆ ∆∆#..# ∆∆ ∆∆#..#
#..# #..# #..# #@.#
#N.# ∆ ∆∆∆∆#).# ∆
∆∆∆∆#..# #)'# #)'#
...# ...# ...)#


You could see a nagaraja (fast, curare).

Vanquished Creatures
  A green draconian (D)
  A deep elf annihilator (D)
  2 centaur warriors (D)
  A death yak (D)
  2 deep elf zephyrmancers (D)
  A wolf spider (D)
  An ugly thing (D)
  A naga mage (D)
  A hellwing (D)
  Grinder (D)
  A wyvern (D)
  A shadow (D)
  A vampire (D)
  A neqoxec (D)
  2 water moccasins (D)
  An ice beast (D)
  A wolf (D)
  A phantom (D)
  A kobold brigand (D)
  3 killer bees (D)
  A quasit (D)
  A gnoll bouda (D)
  An orc priest (D)
  A hell rat (D)
  A mummy (D)
  2 gnolls (D)
  2 river rats (D)
  An ufetubus (D)
  4 orcs (D)
  A ball python (D)
  A goblin (D)
  A hobgoblin (D)
  2 quokkas (D)
  2 bats (D)
  A quokka zombie (D)
  A rat (D)
48 creatures vanquished.

Notes
Turn   | Place    | Note
-------+----------+-------------------------------------------
     0 | D        | rocky1 the Gnoll Earth Elementalist began the quest for the
                  | Orb.
     0 | D        | Reached XP level 1. HP: 13/13 MP: 6/6
    15 | D        | Reached skill level 1 in Fighting
    15 | D        | Reached skill level 1 in Short Blades
    15 | D        | Reached skill level 1 in Long Blades
    15 | D        | Reached skill level 1 in Axes
    15 | D        | Reached skill level 1 in Maces & Flails
    15 | D        | Reached skill level 1 in Polearms
    15 | D        | Reached skill level 1 in Staves
    15 | D        | Reached skill level 1 in Ranged Weapons
    15 | D        | Reached skill level 1 in Throwing
    15 | D        | Reached skill level 1 in Armour
    15 | D        | Reached skill level 1 in Shields
    15 | D        | Reached skill level 1 in Unarmed Combat
    15 | D        | Reached skill level 5 in Spellcasting
    15 | D        | Reached skill level 1 in Conjurations
    15 | D        | Reached skill level 1 in Hexes
    15 | D        | Reached skill level 1 in Summonings
    15 | D        | Reached skill level 1 in Necromancy
    15 | D        | Reached skill level 1 in Translocations
    15 | D        | Reached skill level 1 in Fire Magic
    15 | D        | Reached skill level 1 in Ice Magic
    15 | D        | Reached skill level 1 in Air Magic
    15 | D        | Reached skill level 1 in Poison Magic
    15 | D        | Reached skill level 1 in Invocations
    15 | D        | Reached skill level 1 in Evocations
    15 | D        | Reached XP level 2. HP: 15/21 MP: 4/8
    46 | D        | Found a bloodstained altar of Trog.
    46 | D        | Found a shimmering blue altar of Sif Muna.
    46 | D        | Found a viscous altar of Jiyva.
    46 | D        | Found a hazy altar of Hepliaklqana.
    46 | D        | Found an opulent altar of Gozag.
    47 | D        | Found a glowing golden altar of the Shining One.
    47 | D        | Found a glowing silver altar of Zin.
    47 | D        | Found a basalt altar of Yredelemnul.
    47 | D        | Found a shimmering altar of Xom.
    47 | D        | Found an ornate altar of the Wu Jian Council.
    47 | D        | Found a sacrificial altar of Ru.
    47 | D        | Found a stormy altar of Qazlal.
    47 | D        | Found an iron altar of Okawaru.
    47 | D        | Found a sparkling altar of Nemelex Xobeh.
    47 | D        | Found a burning altar of Makhleb.
    47 | D        | Found a blossoming altar of Fedhas.
    47 | D        | Found a white marble altar of Elyvilon.
    47 | D        | Found a shadowy altar of Dithmenos.
    47 | D        | Found a snail-covered altar of Cheibriados.
    50 | D        | Found a corrupted altar of Lugonu.
    50 | D        | Found a radiant altar of Vehumet.
    51 | D        | Found an ancient bone altar of Kikubaaqudgha.
    51 | D        | Found a hide-covered altar of Uskayaw.
    51 | D        | Found a broken altar of Ashenzari.
    60 | D        | Became a worshipper of Cheibriados the Contemplative
   140 | D        | Reached * piety under Cheibriados
   141 | D        | Reached XP level 3. HP: 27/27 MP: 7/9
   150 | D        | Reached skill level 5 in Dodging
   150 | D        | Reached ** piety under Cheibriados
   189 | D        | Reached *** piety under Cheibriados
   256 | D        | Noticed a wolf
   258 | D        | Noticed a phantom
   259 | D        | Killed a wolf
   259 | D        | Reached **** piety under Cheibriados
   260 | D        | Reached skill level 5 in Stealth
   260 | D        | Reached XP level 4. HP: 32/35 MP: 7/12
   260 | D        | Reached XP level 5. HP: 38/41 MP: 7/13
   263 | D        | Reached ***** piety under Cheibriados
   266 | D        | Killed a phantom
   279 | D        | Reached ****** piety under Cheibriados
   280 | D        | Reached XP level 6. HP: 27/48 MP: 2/15
   382 | D        | Learned a level 3 spell: Stone Arrow
   387 | D        | Learned a level 4 spell: Petrify
   394 | D        | Noticed an ice beast
   399 | D        | Killed an ice beast
   400 | D        | Reached skill level 5 in Fighting
   400 | D        | Reached skill level 5 in Short Blades
   400 | D        | Reached skill level 5 in Long Blades
   400 | D        | Reached skill level 5 in Axes
   400 | D        | Reached skill level 5 in Maces & Flails
   400 | D        | Reached skill level 5 in Polearms
   400 | D        | Reached skill level 5 in Staves
   400 | D        | Reached skill level 5 in Ranged Weapons
   400 | D        | Reached skill level 5 in Throwing
   400 | D        | Reached skill level 5 in Armour
   400 | D        | Reached skill level 5 in Shields
   400 | D        | Reached skill level 5 in Unarmed Combat
   400 | D        | Reached skill level 5 in Invocations
   400 | D        | Reached skill level 5 in Evocations
   450 | D        | Noticed a water moccasin
   450 | D        | Noticed Grinder
   452 | D        | Paralysed by Grinder for 3 turns
   455 | D        | Killed Grinder
   456 | D        | Reached skill level 5 in Transmutations
   456 | D        | Reached XP level 7. HP: 50/56 MP: 15/18
   460 | D        | Reached skill level 5 in Conjurations
   460 | D        | Reached skill level 5 in Hexes
   460 | D        | Reached skill level 5 in Summonings
   460 | D        | Reached skill level 5 in Necromancy
   460 | D        | Reached skill level 5 in Translocations
   460 | D        | Reached skill level 5 in Fire Magic
   460 | D        | Reached skill level 5 in Ice Magic
   460 | D        | Reached skill level 5 in Air Magic
   460 | D        | Reached skill level 5 in Poison Magic
   503 | D        | Noticed a deep elf zephyrmancer
   503 | D        | Noticed a hellwing
   511 | D        | Killed a hellwing
   512 | D        | Reached XP level 8. HP: 65/65 MP: 14/20
   512 | D        | Killed a deep elf zephyrmancer
   634 | D        | Noticed a wyvern
   642 | D        | Killed a wyvern
   814 | D        | Noticed a wolf spider
   814 | D        | Noticed a deep elf zephyrmancer
   817 | D        | Reached XP level 9. HP: 72/72 MP: 12/22
   818 | D        | Killed a deep elf zephyrmancer
   819 | D        | Killed a wolf spider
   915 | D        | Noticed a death yak
   921 | D        | Killed a death yak
   922 | D        | Reached skill level 10 in Spellcasting
   991 | D        | Noticed a centaur warrior
   997 | D        | Killed a centaur warrior
   998 | D        | Reached skill level 10 in Dodging
   998 | D        | Reached XP level 10. HP: 23/82 MP: 11/24
  1296 | D        | Noticed a red ugly thing
  1300 | D        | Reached skill level 10 in Stealth
  1301 | D        | Killed a red ugly thing
  1302 | D        | Reached skill level 10 in Invocations
  1353 | D        | Noticed a centaur warrior
  1353 | D        | Noticed a nagaraja
  1353 | D        | Noticed a green draconian
  1353 | D        | Noticed a nagaraja
  1355 | D        | Killed a centaur warrior
  1355 | D        | Noticed a deep elf annihilator
  1364 | D        | Noticed a naga mage
  1365 | D        | Killed a green draconian
  1365 | D        | Killed a deep elf annihilator
  1366 | D        | Reached skill level 10 in Fighting
  1366 | D        | Reached skill level 10 in Short Blades
  1366 | D        | Reached skill level 10 in Long Blades
  1366 | D        | Reached skill level 10 in Axes
  1366 | D        | Reached skill level 10 in Maces & Flails
  1366 | D        | Reached skill level 10 in Polearms
  1366 | D        | Reached skill level 10 in Staves
  1366 | D        | Reached skill level 10 in Ranged Weapons
  1366 | D        | Reached skill level 10 in Throwing
  1366 | D        | Reached skill level 10 in Armour
  1366 | D        | Reached skill level 10 in Shields
  1366 | D        | Reached skill level 10 in Unarmed Combat
  1366 | D        | Reached skill level 10 in Earth Magic
  1366 | D        | Reached skill level 10 in Evocations
  1366 | D        | Reached XP level 11. HP: 22/90 MP: 18/26
  1375 | D        | Killed from afar by a nagaraja

Illustrated notes

Levels and vault maps discovered:
D:        pitsprint [storerooms_1, entrance_room_1, metal_vault_5, armoury_2,
          mini_pit_1, grid_room_1, main_hall_1, silver_pit, the_coven_2,
          the_vestibule_1, steel_vault_4, golden_pit, hallway_of_sentries,
          crystal_vault_2, iron_vault_1, final_vault]

Skill      XL: |  1  2  3  4  5  6  7  8  9 10 11 |
---------------+----------------------------------+-----
Fighting       | 1 3 4 5 6 7 8 10 | 10.1
Short Blades   | 1 3 4 5 6 7 8 10 | 10.1
Long Blades    | 1 3 4 5 6 7 8 10 | 10.1
Axes           | 1 3 4 5 6 7 8 10 | 10.1
Maces & Flails | 1 3 4 5 6 7 8 10 | 10.1
Polearms       | 1 3 4 5 6 7 8 10 | 10.1
Staves         | 1 3 4 5 6 7 8 10 | 10.1
Ranged Weapons | 1 3 4 5 6 7 8 10 | 10.1
Throwing       | 1 3 4 5 6 7 8 10 | 10.1
Armour         | 1 3 4 5 6 7 8 10 | 10.1
Shields        | 1 3 4 5 6 7 8 10 | 10.1
Unarmed Combat | 1 3 4 5 6 7 8 10 | 10.1
Spellcasting   | 5 6 7 8 9 10 11 | 11.2
Conjurations   | 1 2 3 4 5 6 7 8 |  8.4
Hexes          | 1 2 3 4 5 6 7 8 |  8.4
Summonings     | 1 2 3 4 5 6 7 8 |  8.4
Necromancy     | 1 2 3 4 5 6 7 8 |  8.4
Translocations | 1 2 3 4 5 6 7 8 |  8.4
Transmutations | 2 3 4 5 6 7 8 |  8.7
Fire Magic     | 1 2 3 4 5 6 7 8 |  8.4
Ice Magic      | 1 2 3 4 5 6 7 8 |  8.4
Air Magic      | 1 2 3 4 5 6 7 8 |  8.4
Poison Magic   | 1 2 3 4 5 6 7 8 |  8.4
Invocations    | 1 2 3 4 6 7 8 9 10 11 | 11.0
Evocations     | 1 3 4 5 6 7 8 10 | 10.1
Dodging        | 5 6 7 8 10 11 | 11.1
Stealth        | 5 6 7 8 9 10 | 10.9
Earth Magic    | 6 7 8 9 10 | 10.1

Action                   |  1- 3 |  4- 6 |  7- 9 | 10-12 || total
-------------------------+-------+-------+-------+-------++-------
Melee: Falchion          |     1 |       |       |       ||     1
       Long sword        |       |     3 |       |       ||     3
       Bite              |       |     1 |       |       ||     1
       Scimitar          |       |       |     6 |     4 ||    10
       Punch             |       |       |     1 |     1 ||     2
 Cast: Sandblast         |    19 |    21 |     4 |       ||    44
       Stone Arrow       |       |       |    20 |     6 ||    26
Invok: Slouch            |       |       |     2 |    12 ||    14
  Use: Potion            |       |       |     1 |     6 ||     7
Armor: Robe              |     3 |       |       |       ||     3
       Ring mail         |       |    13 |     4 |     1 ||    18
Dodge: Dodged            |    16 |    23 |    24 |    17 ||    80

Table legend: (Time is in decaauts)
 A = Elapsed time spent in this place.
 B = Non-inter-level travel time spent in this place.
 C = Inter-level travel time spent in this place.
 D = Time resting spent in this place.
 E = Time spent auto-exploring this place.
 F = Levels seen in this place.
 G = Mean time per level.
                   A        B        C        D        E       F      G
               +--------+--------+--------+--------+--------+-----+--------+
         Total |   1636 |   1499 |    137 |    843 |      0 |   1 | 1636.0 |
       Dungeon |   1636 |   1499 |    137 |    843 |      0 |   1 | 1636.0 |
               +--------+--------+--------+--------+--------+-----+--------+

Top non-repeatable levels by time:
       D: 1636 daAuts
